 Dungeon Crawl Stone Soup version 0.23-a0-644-gb60d84b635 (webtiles) character file.

3026 Napalmbreeze the Bolt Thrower (level 10, -1/59 HPs)
             Began as a Kobold Arcane Marksman on Jan 2, 2019.
             Was a Follower of Okawaru.
             Slain by a wight
             ... wielding a +3 hand axe of freezing
              (9 damage)
             ... on level 6 of the Dungeon.
             The game lasted 00:48:32 (10058 turns).

Napalmbreeze the Bolt Thrower (KoAM)               Turns: 10058, Time: 00:48:32

Health: -1/59      AC:  4    Str:  8    XL:     10   Next: 10%
Magic:  16/16      EV: 16    Int: 15    God:    Okawaru [*.....]
Gold:   341        SH:  6    Dex: 18    Spells: 12/18 levels left

rFire    . . .     SeeInvis .   b - +1 dagger (venom)
rCold    . . .     Gourm    .   A - +0 buckler
rNeg     . . .     Faith    .   e - +0 leather armour
rPois    .         Spirit   .   (no helmet)
rElec    .         Reflect  .   z - scarf {cloud immunity}
rCorr    +         Harm     .   c - +0 pair of gloves
MR       .....                  (no boots)
Stlth    +.........             G - amulet of the acrobat
HPRegen  0.19/turn              i - ring of resist corrosion
MPRegen  0.15/turn              (no ring)

@: heavily drained
A: small, carnivore
a: Heroism, Renounce Religion


You were on level 6 of the Dungeon.
You worshipped Okawaru.
Okawaru was aware of your devotion.
You were very full.

You visited 2 branches of the dungeon, and saw 8 of its levels.
You also visited: Sewer.

You collected 341 gold pieces.

Inventory:

Hand Weapons
 a - a +0 hand crossbow
 b - a +1 dagger of venom (weapon)
 j - a +0 blowgun
Missiles
 l - 8 needles of frenzy
 t - 47 poisoned needles
 B - an arrow
Armour
 c - a +0 pair of gloves (worn)
 e - a +0 leather armour (worn)
 z - a scarf of cloud immunity (worn)
 A - a +0 buckler (worn)
Jewellery
 i - a ring of resist corrosion (left hand)
 G - an amulet of the acrobat (around neck)
Wands
 d - a wand of paralysis (4)
 o - a wand of disintegration (2)
 H - a wand of iceblast (2)
 J - a wand of clouds (4)
Scrolls
 h - 7 scrolls of remove curse
 k - a scroll of fog
 m - 9 scrolls of identify
 x - 3 scrolls of teleportation
 C - a scroll of immolation {unknown}
 E - a scroll of enchant weapon {unknown}
 F - a scroll of blinking {unknown}
 I - 2 scrolls of torment {unknown}
Potions
 n - a potion of ambrosia {unknown}
 p - a potion of invisibility {unknown}
 q - 6 potions of flight
 s - 5 potions of might
 u - 2 potions of brilliance {unknown}
 v - 3 potions of agility {unknown}
 w - a potion of mutation {unknown}
Comestibles
 f - 18 rations
 g - 4 chunks of flesh


   Skills:
 + Level 5.0(3.8) Fighting
 + Level 3.1(2.0) Short Blades
   Level 0.2(0.0) Axes
 - Level 7.5(6.2) Crossbows
 - Level 0.1(0.0) Armour
 - Level 5.7(4.5) Dodging
 - Level 4.6(3.4) Shields
 + Level 4.5(3.4) Spellcasting
 + Level 5.4(4.2) Hexes
 + Level 3.4(2.3) Translocations
 + Level 2.1(1.0) Invocations


You had 12 spell levels left.
You knew the following spells:

 Your Spells              Type           Power        Failure   Level  Hunger
a - Corona                Hex            ###....      6%          1    None
d - Portal Projectile     Hex/Tloc       ##....       26%         3    ###....
s - Slow                  Hex            ###.....     9%          2    ##.....

Your spell library contained the following spells:

 Spells                   Type           Power        Failure   Level  Hunger
 Blink                    Tloc           N/A          21%         2    ##.....
 Magic Dart               Conj           #...         32%         1    None
 Inner Flame              Hex/Fire       #.......     38%         3    ###....
 Call Imp                 Summ           #.......     45%         2    ##.....
 Cause Fear               Hex            ###.......   50%         4    ####...
 Conjure Flame            Conj/Fire      #.......     69%         3    ###....
 Mephitic Cloud           Conj/Pois/Air  #.......     69%         3    ###....
 Leda's Liquefaction      Hex/Erth       #.........   80%         4    ####...


Dungeon Overview and Level Annotations

Branches:
Dungeon (7/15)             Temple (1/1) D:5

Altars:
Ashenzari
Dithmenos
Elyvilon
Fedhas
Gozag
Hepliaklqana
Kikubaaqudgha
Makhleb
Nemelex Xobeh
Okawaru
Qazlal
Ru
Uskayaw
Wu Jian
The Shining One

Shops:
D:5 [

Annotations:
D:4 3 runed doors, Bapho's ghost, novice MfGl
D:5 1 runed door, Tinttamiau's ghost, amateur MiFi


Innate Abilities, Weirdness & Mutations

You are small and have problems with some larger weapons.
You are carnivorous and can eat meat at any time.


Message History

* * * LOW HITPOINT WARNING * * *
The wight freezes you.
* * * LOW HITPOINT WARNING * * *
You hit the wight.
The wight is heavily damaged.
You hit the wight but do no damage.
The wight is heavily damaged.
You block the wight's attack.
You hit the wight.
The wight is severely damaged.
The wight hits you with a +3 hand axe of freezing.
* * * LOW HITPOINT WARNING * * *
You feel drained.
* * * LOW HITPOINT WARNING * * *
The wight freezes you.
* * * LOW HITPOINT WARNING * * *
You barely miss the wight.
The wight is severely damaged.
The wight hits you with a +3 hand axe of freezing!
You die...

##.# #.#.# #...# #.# #
##.######.#.# #.### #.# #
........#.#.# #.# ####.# #
##÷####.#.#.#
#.######....#######
#.###....#.#
#.()...[......#...÷
#........).#
#.>#####.####.#.###
#####....### #..# ##†# #.#)#
# ##.#.# #.z# #..# #.#†# #
#(.#.# #.@# #.## #.#)# #
#.##.# #..# #.# #.#.# #
#.##.# #..####.#####.#.# #
#.##.#####.............#.# #
#.##.##................#.###
#.##.##[#######..#####......
#.##.##.# #..# ###.###
#.##.##.# #..# #.#
#.......####################


You could see a wight.

Vanquished Creatures
  Grinder (D:3)
  A spriggan (D:7)
  A phantom (D:7)
  A sky beast (D:6)
  An ice beast (D:6)
  5 ogres
  3 centaurs
  3 big kobolds (Sewer)
  A bullfrog (D:7)
  A wyvern skeleton (D:6)
  5 killer bees (D:7)
  2 scorpions
  2 crimson imps
  A jelly (D:5)
  An orc priest (D:4)
  5 hounds
  7 orc wizards
  Terence (D:3)
  2 iguanas
  2 worker ants (D:4)
  Ijyb (D:4)
  A hound skeleton (D:6)
  7 gnolls
  2 worker ant zombies
  12 adders
  7 river rats (Sewer)
  An ooze (D:4)
  2 adder skeletons
  5 worms
  A dart slug (D:1)
  4 leopard geckos
  35 orcs
  A bat (D:2)
  8 giant cockroaches
  12 goblins
  12 hobgoblins
  8 jackals
  7 quokkas
  9 ball pythons
  6 frilled lizards
  A jackal zombie (D:6)
  23 kobolds
  A quokka skeleton (D:4)
  A quokka zombie (D:6)
  25 rats
238 creatures vanquished.

Notes
Turn   | Place    | Note
-------+----------+-------------------------------------------
     0 | D:1      | Napalmbreeze the Kobold Arcane Marksman began the quest for
                  | the Orb.
     0 | D:1      | Reached XP level 1. HP: 12/12 MP: 2/2
    38 | D:1      | Reached skill level 3 in Crossbows
   123 | D:1      | Reached XP level 2. HP: 16/16 MP: 3/3
   263 | D:1      | Reached XP level 3. HP: 20/20 MP: 4/4
   273 | D:1      | Reached skill level 4 in Crossbows
  1163 | D:2      | Reached XP level 4. HP: 25/25 MP: 5/5
  1607 | D:2      | Learned a level 2 spell: Slow
  1904 | D:3      | Reached XP level 5. HP: 29/29 MP: 5/7
  1990 | D:3      | Found a glowing drain.
  2014 | Sewer    | Entered a sewer
  2250 | Sewer    | Reached skill level 5 in Crossbows
  2364 | Sewer    | Reached XP level 6. HP: 8/35 MP: 7/9
  3568 | Sewer    | Reached XP level 7. HP: 23/40 MP: 10/10
  3906 | D:3      | Reached skill level 6 in Crossbows
  3958 | D:3      | Noticed Grinder
  3968 | D:3      | Paralysed by Grinder for 2 turns
  3970 | D:3      | Killed Grinder
  3980 | D:3      | Learned a level 3 spell: Portal Projectile
  4139 | D:3      | Noticed Terence
  4166 | D:3      | Killed Terence
  4699 | D:4      | Found a glowing golden altar of the Shining One.
  4854 | D:4      | Found an ancient bone altar of Kikubaaqudgha.
  4934 | D:4      | Reached XP level 8. HP: 46/46 MP: 9/12
  5007 | D:4      | Reached skill level 1 in Translocations
  5056 | D:4      | Found a runed gate.
  5060 | D:4      | Found a runed gate.
  5060 | D:4      | Found a runed gate.
  5078 | D:4      | Noticed Bapho's ghost (novice MfGl)
  5122 | D:4      | Reached skill level 7 in Crossbows
  5650 | D:4      | Found a shattered altar of Ashenzari.
  5889 | D:4      | Noticed Ijyb
  5904 | D:4      | Killed Ijyb
  5904 | D:4      | Reached skill level 5 in Dodging
  6474 | D:5      | Entered Level 5 of the Dungeon
  6474 | D:5      | Found a runed door.
  6474 | D:5      | Noticed Tinttamiau's ghost (amateur MiFi)
  6537 | D:5      | Found Ehad's Antique Armour Boutique.
  6811 | D:5      | Reached skill level 1 in Short Blades
  6858 | D:5      | Reached XP level 9. HP: 52/52 MP: 11/14
  6899 | D:5      | Found a staircase to the Ecumenical Temple.
  6920 | D:5      | Reached skill level 5 in Hexes
  6934 | Temple   | Entered the Ecumenical Temple
  6950 | Temple   | Became a worshipper of Warmaster Okawaru
  7036 | D:5      | Found an ornate altar of the Wu Jian Council.
  7359 | D:6      | Found a shadowy altar of Dithmenos.
  7445 | D:6      | Reached skill level 1 in Invocations
  7616 | D:6      | Reached skill level 1 in Shields
  8355 | D:6      | Reached * piety under Okawaru
  9261 | D:7      | Found a sparkling altar of Nemelex Xobeh.
  9417 | D:7      | HP: 1/52 [killer bee (4)]
  9590 | D:7      | Reached XP level 10. HP: 40/58 MP: 16/16
  9918 | D:7      | Reached skill level 5 in Fighting
 10058 | D:6      | Slain by a wight

Vault maps used:
D:1:      mrwooster_arrival_statue_2
D:2:      first_ration, minmay_tetromino_s4
D:3:      gup_sewer_entry_pipe, uniq_terence, uniq_grinder
D:4:      evilmike_ruin_ashenzari, nicolae_overflow_crystal_walls,
          kiku_gazebo_garden_becter, gammafunk_ghost_necromancy,
          minmay_misc_feat_x, uniq_ijyb
D:5:      lemuel_upstairs_altar, kennysheep_mini, minmay_temple_entry_ruins,
          gammafunk_ghost_grave, serial_shops, kennysheep_little_box
D:6:      lemuel_coloured_pillars_altar, minivault_24, due_unseen_surprise
D:7:      lemuel_round_altar, the_bakery
Temple:   eino_narrow_crystal_temple
Sewer:    sewer_minmay_treatment

Skill      XL: |  1  2  3  4  5  6  7  8  9 10 |
---------------+-------------------------------+-----
Crossbows      | 3 4 5 6 7 |  7.5
Dodging        | 3 4 5 |  5.7
Fighting       | 2 3 4 5 |  5.0
Spellcasting   | 2 3 4 |  4.5
Hexes          | 4 5 |  5.4
Translocations | 2 3 |  3.4
Short Blades   | 1 2 3 |  3.1
Invocations    | 1 2 |  2.1
Shields        | 4 |  4.6
Axes           | |  0.2
Armour         | |  0.1

Action                   |  1- 3 |  4- 6 |  7- 9 | 10-12 || total
-------------------------+-------+-------+-------+-------++-------
Melee: Hand axe          |    25 |       |       |       ||    25
       Dagger            |    18 |   187 |   552 |    35 ||   792
 Fire: Hand crossbow     |    28 |    53 |    27 |     1 ||   109
 Cast: Corona            |       |     1 |     1 |       ||     2
       Slow              |       |       |    34 |     3 ||    37
Evoke: Wand              |       |       |    30 |       ||    30
  Use: Potion            |     1 |     2 |     6 |       ||     9
       Scroll            |       |     5 |     2 |       ||     7
 Stab: Sleeping          |     1 |       |     5 |       ||     6
  Eat: Chunk             |     9 |     7 |    22 |     1 ||    39
Armor: Leather armour    |     8 |    40 |    64 |       ||   112
       Skin              |       |     7 |     3 |       ||    10
Dodge: Dodged            |    31 |   167 |   437 |    16 ||   651
Block: Buckler           |       |       |    13 |     9 ||    22

Table legend:
 A = Non-vault XP
 B = Vault XP
 C = Vault XP percentage of total XP
 D = Non-vault monster count
 E = Vault monster count
 F = Vault count percentage of total count
                 A         B        C        D         E       F
            +---------+---------+-------+---------+---------+-------
      Total |    3313 |    1011 |  23.4 |     179 |      59 |  24.8
            +---------+---------+-------+---------+---------+-------
        D:1 |      44 |       0 |   0.0 |      25 |       0 |   0.0
        D:2 |      87 |       4 |   4.4 |      25 |       2 |   7.4
        D:3 |     132 |     313 |  70.3 |      31 |       7 |  18.4
        D:4 |     561 |      35 |   5.9 |      35 |       1 |   2.8
        D:5 |     749 |       0 |   0.0 |      21 |       0 |   0.0
        D:6 |     925 |       0 |   0.0 |      32 |       0 |   0.0
        D:7 |     815 |     220 |  21.3 |      10 |       1 |   9.1
      Sewer |       0 |     439 | 100.0 |       0 |      48 | 100.0
            +---------+---------+-------+---------+---------+-------
